Construct Section Command Post
Selects Australian Defense Battlegroup
Selects Australian Light Infantry Section
Australian Light Infantry Section
Construct Field Infirmary
Construct Platoon Command Post
Unlock M3 Stuart Light Tanks
Selects Defensive Tactics
Selects CMP 15cwt Supply Run
Unlock Bishop Self-propelled Artillery
Selects Artillery Trip Wire Flares
Selects Charged Creeping Barrage
Australian Light Infantry Section
6-pounder Anti-tank Gun Team
Construct Company Command Post
Unlock M3 Grant Medium Tanks